 Dungeon Crawl Stone Soup version 0.30-a0-596-g0af90f9a20 (webtiles) character file.

Game seed: 2070228863572337281

1278 flotson the Sneak (level 8, 0/61 HPs)
             Began as a Demonspawn Delver on Jan 6, 2023.
             Was an Initiate of Hepliaklqana.
             Slain by a gnoll sergeant
             ... wielding a +2 spear of freezing
              (5 damage)
             ... on level 6 of the Dungeon.
             The game lasted 00:07:35 (4965 turns).

flotson the Sneak (Demonspawn Delver)               Turns: 4965, Time: 00:07:35

Health: 0/61       AC:  7    Str: 16    XL:     8   Next: 29%
Magic:  9/9        EV: 17    Int: 11    God:    Hepliaklqana [......]
Gold:   392        SH:  4    Dex: 14    Spells: 7/7 levels left

rFire   . . .      SeeInvis .    v - +1 whip (distort)
rCold   . . .      Faith    .    r - +0 buckler
rNeg    + . .      Spirit   .    y - +1 leather armour {rN+}
rPois   .          Reflect  .    z - +0 helmet
rElec   .          Harm     .    (no cloak)
rCorr   .          Rampage  .    (no gloves)
Will    .....                    (no boots)
Stlth   +++                      (no amulet)
HPRegen 0.30/turn                b - +5 ring of evasion
MPRegen 0.22/turn                h - +4 ring of slaying

@: no status effects
A: yellow scales 1, demonic guardian 1, magic regeneration, demonic touch 2
a: Renounce Religion


You were on level 6 of the Dungeon.
You worshipped Hepliaklqana.
Hepliaklqana was noncommittal.
You visited 2 branches of the dungeon, and saw 7 of its levels.

You collected 392 gold pieces.

Inventory:

Hand Weapons
 a - a +0 battleaxe
 v - a +1 whip of distortion (weapon)
Missiles
 n - 5 boomerangs (quivered)
 u - 4 poisoned darts
 x - 2 silver boomerangs
Armour
 r - a +0 buckler (worn)
 y - a +1 leather armour of positive energy (worn)
 z - a +0 helmet (worn)
Jewellery
 b - a +5 ring of evasion (left hand)
 h - a +4 ring of slaying (right hand)
 A - a ring of flight
Wands
 g - a wand of digging (1)
Scrolls
 c - a scroll of fog
 d - a scroll of immolation {unknown}
 e - 3 scrolls of teleportation {unknown}
 i - 2 scrolls of poison {unknown}
 j - a scroll of enchant armour {unknown}
 m - a scroll of fear
 q - 2 scrolls of identify {unknown}
 w - a scroll of vulnerability {unknown}
Potions
 f - 3 potions of haste
 k - a potion of magic {unknown}
 l - a potion of ambrosia {unknown}
 o - a potion of degeneration {unknown}
 p - a potion of invisibility {unknown}
 s - 3 potions of curing {unknown}
 t - a potion of cancellation {unknown}


   Skills:
 + Level 4.9 Fighting
 + Level 3.4 Axes
 + Level 2.9 Throwing
 + Level 3.4 Armour
 + Level 4.0 Dodging
 - Level 5.0 Stealth
 + Level 2.2 Shields
 + Level 1.4 Invocations
 + Level 3.6 Evocations


You had 7 spell levels left.
You didn't know any spells.
Your spell library contained the following spells:

 Spells                   Type           Power      Damage    Failure   Level
 Apportation              Tloc           0%         N/A       50%         1
 Necrotise                Necr           0%         1d4       50%         1
 Sandblast                Erth           0%         2d4       50%         1
 Summon Small Mammal      Summ           0%         N/A       50%         1
 Passwall                 Tmut/Erth      0%         N/A       65%         2
 Stone Arrow              Conj/Erth      0%         3d7       86%         3
 Animate Dead             Necr           0%         N/A       99%         4
 Blade Hands              Tmut           0%         N/A       100%        5
 Borgnjor's Vile Clutch   Necr/Erth      0%         N/A       100%        5
 Irradiate                Conj/Tmut      0%         3d11      100%        5
 Death Channel            Necr           0%         N/A       100%        6
 Dragon Form              Tmut           0%         N/A       100%        7


Dungeon Overview and Level Annotations

Branches:
Dungeon (6/15)             Temple (1/1) D:5

Altars:
Ashenzari
Cheibriados
Hepliaklqana
Kikubaaqudgha
Makhleb
Nemelex Xobeh
Qazlal
Sif Muna
Trog
Uskayaw
Wu Jian
Xom
Yredelemnul


Innate Abilities, Weirdness & Mutations

You are partially covered in yellow scales. (AC +2)
A weak demonic guardian rushes to your aid.
You regenerate magic rapidly.
Your touch may inflict irresistible damage on your foes.


Message History

Your ufetubus hits the gnoll sergeant.
Your ufetubus hits the gnoll sergeant but does no damage.
The sky beast closely misses you. The gnoll sergeant misses you.
Your ufetubus hits the gnoll sergeant but does no damage. x2
You whack the sky beast!
Space warps horribly around the sky beast!
The sky beast is almost dead.
Your ufetubus barely misses the gnoll sergeant.
Your ufetubus hits the gnoll sergeant but does no damage.
You block the sky beast's attack. The gnoll sergeant barely misses you.
You hit the sky beast.
You kill the sky beast!
The gnoll sergeant blocks your ufetubus's attack.
Your ufetubus hits the gnoll sergeant.
Your ufetubus closely misses the gnoll sergeant.
The gnoll sergeant blocks your ufetubus's attack.
The gnoll sergeant hits you from afar with a +2 spear of freezing!
The gnoll sergeant freezes you.
Your Dodging skill increases to level 4!
The gnoll sergeant blocks your ufetubus's attack. x2
The gnoll sergeant hits your ufetubus with a +2 spear of freezing.
The gnoll sergeant freezes your ufetubus.
Your ufetubus dies!
Your ufetubus disappears in a puff of smoke!
There is an open door here.
The gnoll sergeant misses you. You block the gnoll sergeant's attack.
You barely miss the gnoll sergeant.
The gnoll sergeant is heavily wounded.
The gnoll sergeant hits you with a +2 spear of freezing!
* * * LOW HITPOINT WARNING * * *
The gnoll sergeant freezes you.
* * * LOW HITPOINT WARNING * * *
You hit the gnoll sergeant but do no damage.
Space warps horribly around the gnoll sergeant!
The gnoll sergeant is almost dead.
The gnoll sergeant hits you with a +2 spear of freezing!
* * * LOW HITPOINT WARNING * * *
A demonic guardian appears!
The gnoll sergeant freezes you.
You die...

.. #. #. #.##### ## .#
#.....# . ..# #.....#.#
.. ##+##).(.#.##.# #.
#....#.)......# #.##
#.@g['...######
#..#####....#.#.#
#.#~..'.5..'.#.#
#..~###....###.##
##..###....#....#
#...##....#...##
##..#######..## .
#..{.....#..##.~..
######.#.###.......~...


You could see a gnoll sergeant (ally target) and a friendly white imp
(summoned).

Vanquished Creatures
  Prince Ribbit (D:5)
  Sigmund (D:2)
  A sky beast (D:6)
  A black bear (D:5)
  A centaur (D:5)
  A killer bee (D:4)
  An orc wizard (D:3)
  7 gnolls
  8 adders
  An ufetubus (D:5)
  3 worms
  2 dart slugs
  13 orcs
  8 endoplasms
  A giant cockroach (D:1)
  10 goblins
  8 hobgoblins
  5 jackals
  4 kobolds
  4 quokkas
  5 ball pythons
  3 bats
  3 frilled lizards (D:1)
  4 rats
96 creatures vanquished.

Vanquished Creatures (collateral kills)
  A hobgoblin (D:3)
1 creature vanquished.

Grand Total: 97 creatures vanquished

Notes
Turn   | Place    | Note
-------+----------+-------------------------------------------
     0 | D:5      | flotson the Demonspawn Delver began the quest for the Orb.
     0 | D:5      | Reached XP level 1. HP: 18/18 MP: 1/1
     7 | D:5      | Noticed a water moccasin
    68 | D:5      | Gained mutation: A weak demonic guardian rushes to your
                  | aid. [demonic ancestry]
    68 | D:5      | Reached XP level 2. HP: 21/24 MP: 2/2
   199 | D:4      | Found a shimmering blue altar of Sif Muna.
   210 | D:4      | Noticed a black bear
   306 | D:3      | Reached skill level 1 in Evocations
   306 | D:3      | Gained mutation: Your touch may inflict minor irresistible
                  | damage on your foes. [demonic ancestry]
   306 | D:3      | Reached XP level 3. HP: 17/29 MP: 3/3
   395 | D:3      | Reached skill level 1 in Armour
   449 | D:3      | Found a hide-covered altar of Uskayaw.
   565 | D:2      | Reached XP level 4. HP: 35/35 MP: 4/4
  1372 | D:2      | Found a shimmering blue altar of Sif Muna.
  1374 | D:2      | Noticed Sigmund
  1549 | D:2      | Killed Sigmund
  1550 | D:2      | Reached skill level 1 in Throwing
  1550 | D:2      | Reached skill level 5 in Stealth
  1550 | D:2      | Reached XP level 5. HP: 33/42 MP: 5/5
  1550 | D:2      | Gained mutation: You regenerate magic rapidly. [demonic
                  | ancestry]
  1550 | D:2      | Reached XP level 6. HP: 38/48 MP: 6/6
  2842 | D:4      | Found a stormy altar of Qazlal.
  3383 | D:4      | Gained mutation: You are partially covered in yellow
                  | scales. (AC +2) [demonic ancestry]
  3383 | D:4      | Reached XP level 7. HP: 40/54 MP: 7/7
  3531 | D:5      | Reached skill level 1 in Shields
  3601 | D:5      | Noticed Prince Ribbit
  3625 | D:5      | Killed Prince Ribbit
  3896 | D:5      | Found a staircase to the Ecumenical Temple.
  3903 | Temple   | Entered the Ecumenical Temple
  3926 | Temple   | Became a worshipper of Hepliaklqana the Forgotten
  4111 | D:5      | Gained mutation: Your touch may inflict irresistible damage
                  | on your foes. [demonic ancestry]
  4111 | D:5      | Reached XP level 8. HP: 54/61 MP: 8/8
  4610 | D:5      | Reached skill level 1 in Invocations
  4965 | D:6      | Slain by a gnoll sergeant

Illustrated notes

Levels and vault maps discovered:
D:1:      roderic_dead_forest, layout_loops_ring, grunt_decor_cap,
          minmay_crystal_room
D:2:      layout_basic, basic_altar, uniq_sigmund
D:3:      layout_loops_ring, mainiacjoe_overflow_six_doors_small,
          grunt_decor_junction
D:4:      minmay_clustersquares, layout_basic, mainiacjoe_overflow_catwalk,
          amcnicky_altar_gilded, hangedman_decor_growths, grunt_ministairs_14
D:5:      layout_loops_corners, minmay_temple_entry_mist,
          serial_co_window_serial, co_window_paths_a, co_window_corner_a,
          co_window_paths_a, co_window_paths_a, co_window_of_opportunity_a,
          co_window_2corner, co_window_corner_ca, co_window_unsneaky_path_c,
          co_window_broadway_a, co_window_paths_e, glass_columns_b,
          glass_columns_a, glass_columns_a, glass_columns_b, glass_columns_a,
          uniq_prince_ribbit1
D:6:      cheibrodos_two_vegetables, layout_basic,
          chequers_serial_rivers_micro_a
Temple:   eino_temple_scatter_basement

Skill      XL: |  1  2  3  4  5  6  7  8 |
---------------+-------------------------+-----
Axes           | 2 3 |  3.4
Dodging        | 2 3 4 |  4.0
Evocations     | 1 2 3 |  3.6
Armour         | 1 2 3 |  3.4
Throwing       | 1 2 |  2.9
Stealth        | 5 |  5.0
Fighting       | 4 |  4.9
Shields        | 2 |  2.2
Invocations    | 1 |  1.4

Action                   |  1- 3 |  4- 6 |  7- 9 || total
-------------------------+-------+-------+-------++-------
Melee: Hand axe          |    32 |       |       ||    32
       Halberd           |    25 |   183 |       ||   208
       Whip              |       |    56 |    94 ||   150
Throw: Boomerang         |       |     3 |       ||     3
Evoke: Wand              |     2 |       |       ||     2
  Use: Scroll            |     2 |       |       ||     2
 Stab: Sleeping          |       |     6 |     2 ||     8
Armor: Leather armour    |     3 |       |     8 ||    11
       Scale mail        |     5 |    62 |    19 ||    86
Dodge: Dodged            |    53 |   178 |    98 ||   329
Block: Buckler           |       |     5 |    23 ||    28

Table legend: (Time is in decaauts)
 A = Elapsed time spent in this place.
 B = Non-inter-level travel time spent in this place.
 C = Inter-level travel time spent in this place.
 D = Time resting spent in this place.
 E = Time spent auto-exploring this place.
 F = Levels seen in this place.
 G = Mean time per level.
                   A        B        C        D        E       F      G
               +--------+--------+--------+--------+--------+-----+--------+
         Total |   5077 |   4867 |    210 |    165 |   3571 |   7 |  725.3 |
       Dungeon |   4995 |   4798 |    197 |    165 |   3518 |   6 |  832.5 |
        Temple |     82 |     69 |     13 |      0 |     53 |   1 |   82.0 |
               +--------+--------+--------+--------+--------+-----+--------+

Top non-repeatable levels by time:
     D:5: 1381 daAuts
     D:3: 941 daAuts
     D:4: 888 daAuts
     D:1: 875 daAuts
     D:2: 790 daAuts
     D:6: 117 daAuts
  Temple: 82 daAuts
